[Event "*** Titled Tuesday Blitz"]
[Site "Chess.com"]
[Date "2019.05.07"]
[Round "6"]
[White "TastyFrenchFries"]
[Black "Gergo85"]
[Result "1-0"]
[WhiteElo "2461"]
[BlackElo "2612"]
[TimeControl "180+2"]
[EndTime "14:27:49 PDT"]
[Termination "TastyFrenchFries won on time"]

1. e4 c6 2. Be2 d5 3. exd5 cxd5 4. Nf3 Nc6 5. d4 Bf5 6. O-O e6 7. Bf4 Bd6 8. Bxd6 Qxd6 9. c3 Nge7 10. Nbd2 a6 11.
Re1 O-O 12. Nf1 h6 13. Ne3 Bh7 14. a4 Rab8 15. Bd3 Bxd3 16. Qxd3 b5 17. b4 Rfc8 18. axb5 axb5 19. g3 Rc7 20. Nd2 e5 21. Nb3 exd4 22. Nxd4 Nxd4 23. Qxd4 Rbc8 24. Rec1 Qf6 25. Qxf6 gxf6 26.
Rd1 Rxc3 27. Nxd5 Nxd5 28. Rxd5 Rb8 29. Ra6 Rc4 30. Rxf6 Rxb4 31. Rxh6 Rb7 32. Rhh5 Rb1+ 33. Kg2 Kg7 34. Rhg5+ Kf6 35. h4 Ke6 36. Rge5+ Kf6 37. g4 b4 38. h5 b3 39. g5+ Kg7 40. Rb5 Rc7 41. Re8 Rcc1 42. h6+ Kh7 43. Rf8 Rc7 44. Rbb8 b2 45. Rh8+ Kg6 46. Rhg8+ Kf5 47. h7 Rc4 48. Rb5+ Rc5 49. Rxc5+ Kg4 50. Rc4+ Kf5 51. Rb4 1-0

[Event "*** Titled Tuesday Blitz"]
[Site "Chess.com"]
[Date "2019.05.07"]
[Round "6"]
[White "MathiasWomacka"]
[Black "Jahonas"]
[Result "0-1"]
[WhiteElo "2231"]
[BlackElo "2395"]
[TimeControl "180+2"]
[EndTime "14:27:55 PDT"]
[Termination "Jahonas won by checkmate"]

1. e4 c6 2. d4 d5 3. Nd2 dxe4 4. Nxe4 Nf6 5. Nxf6+ exf6 6. Bc4 Bd6 7. Qe2+ Qe7 8. Qxe7+ Kxe7 9. Ne2 Be6 10. Bd3 Nd7 11.
Bf4 f5 12. O-O-O Nf6 13. Rhe1 Nd5 14. Bxd6+ Kxd6 15. a3 b5 16. b3 g6 17. Kb2 Rab8 18. Nc3 a5 19. Nxd5 Bxd5 20. g3 Rhe8 21. Rxe8 Rxe8 22.
c4 bxc4 23. bxc4 Bf3 24. Rb1 Be2 25. Kc3 Bxd3 26. Kxd3 Kc7 27. d5 cxd5 28. cxd5 Re4 29. Kc3 Ra4 30. Kb3 Rd4 31. Rc1+ Kd6 32. Rc6+ Kxd5 33.
Rf6 a4+ 34. Kc3 Rc4+ 35. Kd3 Rc1 36. Ra6 Rf1 37. Ra5+ Ke6 38. Ke3 f4+ 39. gxf4 Rh1 40. Rxa4 Rxh2 41. Rb4 Rh3+ 42. f3 Rh2 43. Rb6+ Ke7 44.
Rb7+ Kf6 45. Rb6+ Kg7 46. a4 Ra2 47. Ra6 h5 48. f5 g5 49. f4 g4 50. f6+ Kg6 51. Ke4 g3 52. f5+ Kg5 53. Kf3 h4 54. Ra8 Kxf5 55. Rh8 Rxa4 56. Kg2 Kxf6 57. Kh3 Kg7 58. Rc8 Kg6 59. Rc5 f5 60. Kg2 Ra2+ 61.
Kh3 Rh2# 0-1

[Event "*** Titled Tuesday Blitz"]
[Site "Chess.com"]
[Date "2019.05.07"]
[Round "6"]
[White "oskariot"]
[Black "VSERGUEI"]
[Result "0-1"]
[WhiteElo "2571"]
[BlackElo "2632"]
[TimeControl "180+2"]
[EndTime "14:28:02 PDT"]
[Termination "VSERGUEI won on time"]

1. b3 d5 2. Bb2 Bf5 3. e3 e6 4.
Nf3 Nf6 5. g3 Be7 6. Bg2 O-O 7.
O-O h6 8. d3 c5 9. Nbd2 Nc6 10.
Qe2 Bh7 11. a3 b5 12. e4 a6 13. Rad1 Re8 14. h3 Rc8 15. Rfe1 Qb6 16. Nh2 a5 17.
Ng4 Nxg4 18. Qxg4 d4 19. Bc1 Ne5 20. Qh5 Bg6 21. Qe2 c4 22. bxc4 bxc4 23. f4 c3 24. Nf3 Nxf3+ 25. Qxf3 Qb5 26. g4 Qa4 27. Qf2 e5 28. f5 Bh7 29. h4 f6 30. g5 fxg5 31. hxg5 Bxg5 32. Bxg5 hxg5 33. Rc1 Qxa3 34. Qg3 Qe7 35.
Bh3 Rc6 36. Kg2 Rh6 37. Bg4 Rb8 38. Ra1 Rb2 39. Re2 Ra6 40. Bf3 a4 41. Rf2 a3 42.
Bd1 a2 43. f6 gxf6 44. Qg4 Kg7 45. Qc8 Ra7 46. Rf1 Bg6 47. Kg3 Qe8 48. Qc5 Qe7 49. Qc8 Qd7 50. Qc5 Qc7 51. Qd5 Bf7 0-1

[Event "*** Titled Tuesday Blitz"]
[Site "Chess.com"]
[Date "2019.05.07"]
[Round "6"]
[White "Witik"]
[Black "MasterKroket"]
[Result "1/2-1/2"]
[WhiteElo "2578"]
[BlackElo "2363"]
[TimeControl "180+2"]
[EndTime "14:28:03 PDT"]
[Termination "Game drawn - insufficient material"]

1. d4 Nf6 2. c4 e6 3. Nf3 b6 4. g3 Bb7 5. Bg2 Be7 6. O-O O-O 7. d5 exd5 8. Nh4 c6 9. cxd5 Nxd5 10. Nf5 Nc7 11. e4 d5 12. exd5 Nxd5 13. Qg4 Bf6 14. Nc3 Nxc3 15. bxc3 g6 16. Bh6 Re8 17. Rad1 Qc8 18.
Rd6 Re6 19. Rfd1 Na6 20. Bh3 Rxd6 21. Nxd6 Qxg4 22. Bxg4 Nc5 23. Nxb7 Nxb7 24. Rd7 Nc5 25. Rc7 Bxc3 26. Rxc6 Rd8 27. Rc7 a5 28. h4 Bd2 29.
f4 Ne4 30. Kg2 Be3 31. Kf3 Nf6 32. Bg5 Bd4 33. Rc8 Rxc8 34. Bxc8 Ne8 35. Bd8 f5 36. g4 fxg4+ 37. Bxg4 Kf7 38. Ke4 Bc5 39. f5 Nd6+ 40. Ke5 Nxf5 41. Bxf5 gxf5 42. Kxf5 a4 43. h5 b5 44. Ke5 b4 45. Bg5 Be7 46. Bc1 Bf6+ 47. Kd5 a3 48. Kc4 Be7 49. Bd2 Kf6 50. Bxb4 Bd8 51. Bxa3 Kg5 52. Bd6 Kxh5 53. a4 Kg4 54. Kd5 h5 55. Kc6 Ba5 56. Kb5 Bd8 57. a5 Bxa5 58.
Kxa5 h4 59. Kb4 h3 60. Kc3 h2 61. Bxh2 1/2-1/2

[Event "*** Titled Tuesday Blitz"]
[Site "Chess.com"]
[Date "2019.05.07"]
[Round "6"]
[White "Vusatiuk_Vladimir"]
[Black "AndrewMcStone"]
[Result "1-0"]
[WhiteElo "2201"]
[BlackElo "2124"]
[TimeControl "180+2"]
[EndTime "14:28:05 PDT"]
[Termination "Vusatiuk_Vladimir won by resignation"]

1. e4 Nc6 2. Nf3 d6 3. c4 Nf6 4. Nc3 g6 5. d4 Bg7 6. Bg5 h6 7. Be3 Ng4 8. Qd2 Nxe3 9. Qxe3 e5 10. dxe5 dxe5 11. Rd1 Nd4 12. Nxd4 exd4 13. Qd2 O-O 14. Nb5 Re8 15. Bd3 c6 16. Na3 f5 17. f3 fxe4 18.
Bxe4 Rxe4+ 19. fxe4 Qh4+ 20. g3 Qxe4+ 21. Kf2 Bg4 22.
Rhe1 Rf8+ 23. Kg1 Qf5 24. Rf1 Qh5 25. Rxf8+ Kxf8 26. Rf1+ Kg8 27. Nc2 Bh3 28. Rf2 Qc5 29. Qe2 Bf5 30. Ne1 d3 31. Nxd3 Bxd3 32. Qxd3 Bd4 33.
Qxg6+ Kh8 34. Qxh6+ Kg8 35. Qg6+ Kh8 36. Qe8+ Kh7 37. Qf7+ Kh8 38. b3 a5 39. Kg2 Bxf2 40. Qxf2 Qa3 41. g4 a4 42. Qc2 axb3 43. axb3 Qc5 44.
h4 Qe3 45. g5 Qe1 46. Qf2 Qe4+ 47. Qf3 Qxh4 48. Qh3 Qxh3+ 49. Kxh3 Kg7 50. Kg4 Kg6 51.
c5 Kf7 52. Kf5 Kg7 53. g6 Kf8 54. Kf6 Kg8 55. g7 1-0

[Event "*** Titled Tuesday Blitz"]
[Site "Chess.com"]
[Date "2019.05.07"]
[Round "6"]
[White "RegZryt"]
[Black "2nd_life"]
[Result "1-0"]
[WhiteElo "2531"]
[BlackElo "2431"]
[TimeControl "180+2"]
[EndTime "14:28:08 PDT"]
[Termination "RegZryt won by resignation"]

1. d4 Nf6 2. c4 e6 3. Nf3 c5 4. d5 exd5 5. cxd5 d6 6. Nc3 a6 7. a4 g6 8. e4 Bg4 9. Be2 Bxf3 10. Bxf3 Bg7 11. O-O O-O 12. h3 Nbd7 13. Bf4 Ne8 14. Be2 Rb8 15. Qc2 Qe7 16. Rad1 Nc7 17. Rfe1 b5 18. a5 b4 19. Na4 Nb5 20. Bc4 Rfe8 21.
Qd3 Ne5 22. Bxe5 Qxe5 23. b3 Qd4 24. Qf1 Qf6 25. Nb6 Nc3 26. Nd7 Qd8 27. Nxb8 Qxb8 28. Rd2 Qc7 29. Bxa6 Qxa5 30. Bc4 Rxe4 31. Rxe4 Nxe4 32.
Re2 Nf6 33. Qe1 Bf8 34. Qb1 h5 35. Ra2 Qd8 36. Qa1 Qe7 37. Ra8 Kh7 38. Qc1 Bh6 39. Qd1 Kg7 40. g3 Qe4 41. Qd3 Qxd3 42. Bxd3 Nxd5 43. Rd8 Nc3 44. Rxd6 Kg8 45. Bc4 Kf8 46.
Rc6 Ne4 47. Bd5 Nc3 48. Rxc5 f5 49. Bc4 Bd2 50. Rc7 Ne4 51. Kg2 Bc3 52. Bd5 Nd6 53.
f4 Ke8 54. Kf3 Kd8 55. Rh7 Ke8 56. g4 hxg4+ 57. hxg4 fxg4+ 58. Kxg4 Nf5 59. Be4 Nd4 60. Bxg6+ Kf8 61. Bf7 Ke7 62. Bc4+ Kf6 63. Rh6+ Ke7 64. f5 Nc2 65. Re6+ Kf8 66. f6 Nd4 67. Ra6 1-0

[Event "*** Titled Tuesday Blitz"]
[Site "Chess.com"]
[Date "2019.05.07"]
[Round "6"]
[White "volcanoexplorer"]
[Black "maxip32"]
[Result "0-1"]
[WhiteElo "2590"]
[BlackElo "2425"]
[TimeControl "180+2"]
[EndTime "14:28:08 PDT"]
[Termination "maxip32 won by checkmate"]

1. e4 c5 2. Nf3 d6 3. d4 cxd4 4. Nxd4 Nf6 5. Nc3 a6 6. h3 e5 7. Nde2 h5 8. g3 Be7 9. Bg2 Be6 10. Be3 Nbd7 11. a4 Rc8 12. O-O O-O 13. b3 Qc7 14.
Ra2 Nc5 15. f4 exf4 16. gxf4 Bd7 17. f5 Bc6 18. Qd4 Rfd8 19. Nf4 Ncd7 20. Nce2 Ne5 21. c4 Qa5 22. Bd2 Qc5 23. Bc3 Qxd4+ 24. Nxd4 Bxe4 25. Nxh5 Bxg2 26. Nxf6+ Bxf6 27. Kxg2 d5 28. Ba5 Rd7 29. cxd5 Rxd5 30. Bb6 Nd7 31. Ba7 b6 32. a5 Bxd4 33. Rd2 Nf6 34. axb6 Bxb6 35. Rxd5 Nxd5 36. Bxb6 Nxb6 37. Ra1 Ra8 38. Kf3 Kf8 39. Ke4 Ke7 40. Kd4 Kd6 41. Rg1 Nd5 42. Rxg7 f6 43. Rb7 Rh8 44. Ra7 Rh4+ 45. Kd3 Ke5 46. Ke2 Rxh3 47. Rxa6 Rxb3 48. Ra5 Ke4 49. Kf2 Rd3 50. Ke2 Rd4 51. Kf2 Kxf5 52. Kf3 Rd3+ 53. Ke2 Ke4 54. Ra4+ Rd4 55. Ra6 f5 56. Re6+ Kf4 57.
Rh6 Nc3+ 58. Kf2 Rd2+ 59. Ke1 Re2+ 60. Kf1 Ra2 61. Rh4+ Ke5 62. Rh3 Ne4 63. Rb3 f4 64. Rb5+ Kd4 65. Rb4+ Ke5 66. Rb5+ Kf6 67. Rb4 Kf5 68. Ke1 f3 69. Kf1 Ng3+ 70. Kg1 Rg2# 0-1

[Event "*** Titled Tuesday Blitz"]
[Site "Chess.com"]
[Date "2019.05.07"]
[Round "6"]
[White "GMJimKnopf"]
[Black "pedro_gines"]
[Result "0-1"]
[WhiteElo "2376"]
[BlackElo "2362"]
[TimeControl "180+2"]
[EndTime "14:28:11 PDT"]
[Termination "pedro_gines won by resignation"]

1. e4 c6 2. d4 d5 3. exd5 cxd5 4. c4 Nc6 5. Nc3 Nf6 6. Nf3 Bg4 7. cxd5 Nxd5 8. Qb3 Bxf3 9. gxf3 e6 10. Qxb7 Nxd4 11. Bb5+ Nxb5 12. Qc6+ Ke7 13. Qxb5 Qd7 14. Nxd5+ Qxd5 15. Qxd5 exd5 16. Ke2 Ke6 17. Kd3 Bc5 18. Re1+ Kf5 19.
Re2 Rhe8 20. Be3 d4 21. Bd2 Rxe2 22. Kxe2 Rb8 23. Rb1 Bb4 24. Bxb4 Rxb4 25. b3 a5 26. a3 Rb6 27. b4 axb4 28. axb4 Ke5 29. Kd3 Kd5 30.
f4 Ra6 31. b5 Ra3+ 32. Ke2 Ra2+ 33. Kf3 Ra3+ 34. Ke2 Ra2+ 35. Kf3 Ra3+ 36. Ke2 Ke4 37.
b6 Ra2+ 38. Ke1 Ra8 39. b7 Rb8 40. Kd2 Kd5 41. Kd3 Kc6 42. Kxd4 Rxb7 43. Rxb7 Kxb7 44. Ke5 Kc7 45. Kf5 Kd6 46. h4 Kd5 47. h5 h6 48.
f3 Kd4 49. Kg4 Ke3 50. Kg3 f5 51. Kg2 Kxf4 0-1

[Event "*** Titled Tuesday Blitz"]
[Site "Chess.com"]
[Date "2019.05.07"]
[Round "6"]
[White "cherryandmint"]
[Black "Alexander_Donchenko"]
[Result "1-0"]
[WhiteElo "2693"]
[BlackElo "2782"]
[TimeControl "180+2"]
[EndTime "14:28:12 PDT"]
[Termination "cherryandmint won by resignation"]

1. e4 c5 2. Nf3 d6 3. d4 cxd4 4. Nxd4 Nf6 5. Nc3 a6 6. g3 e5 7.
Nde2 Be7 8. Bg2 b5 9. Nd5 Nbd7 10. Nec3 Bb7 11. a4 Nxd5 12. Nxd5 Nf6 13. Nxf6+ Bxf6 14.
Qd3 O-O 15. O-O Qb6 16. Be3 Qc6 17. c3 Be7 18. axb5 axb5 19. f3 Rfc8 20. Rfd1 g6 21.
Bf1 Rxa1 22. Rxa1 d5 23. exd5 Qxd5 24. Qxd5 Bxd5 25. Bxb5 Bxf3 26. Ra7 Bf8 27. Bd7 Rb8 28. b4 Bd5 29. b5 f5 30. b6 h6 31. Bb5 f4 32. gxf4 exf4 33. Bd4 Rd8 34. b7 Rb8 35. Ba6 Kf7 36. Kf1 Ke6 37. Bb6 Bd6 38. c4 Be4 39. c5 Be5 40. Bc4+ Bd5 41. Bxd5+ Kxd5 42. Kf2 g5 43. Kf3 h5 44. h3 Kc6 45. Ra8 Rxb7 46. Rg8 Kd5 47. Rxg5 Ke6 48. Rxh5 Rg7 49. Ke4 Bb8 50. c6 Bd6 51. Bd4 Rg6 52. Rh8 Rg1 53. Rh6+ Ke7 54. Kd5 Rd1 55. Re6+ Kf7 56. Rxd6 f3 57.
Rf6+ Kg8 58. Rxf3 1-0

[Event "*** Titled Tuesday Blitz"]
[Site "Chess.com"]
[Date "2019.05.07"]
[Round "6"]
[White "VFernandezB"]
[Black "MatthewG-p4p"]
[Result "1/2-1/2"]
[WhiteElo "2364"]
[BlackElo "2691"]
[TimeControl "180+2"]
[EndTime "14:28:13 PDT"]
[Termination "Game drawn by stalemate"]

1. d4 Nf6 2. Nf3 e6 3. c4 c5 4. Nc3 cxd4 5. Nxd4 Nc6 6. e3 Bb4 7. Bd2 O-O 8. Be2 d5 9. Nxc6 bxc6 10. Bf3 Rb8 11.
O-O e5 12. cxd5 cxd5 13. a3 Be7 14. Qa4 Rxb2 15. Rfd1 Be6 16. Qxa7 e4 17. Be2 Bd6 18. Rab1 Rxb1 19. Rxb1 Qc8 20. Nb5 Qc2 21. Rd1 Bc5 22.
Qa5 Be7 23. Qc3 Qa4 24. h3 Bd7 25. Nd4 Qxa3 26. Qc7 Bd6 27. Qa5 Ra8 28. Qxa3 Rxa3 29. Bb5 Be5 30. Nc6 Bxc6 31. Bxc6 Ra2 32. Bb4 h6 33. Be7 d4 34. exd4 Bf4 35. Bxf6 gxf6 36. Bxe4 Kg7 37. Rb1 Rd2 38. d5 Rd4 39. Bf3 f5 40.
Rb7 Kf6 41. g3 Bd6 42. Kg2 Rd2 43. Bh5 Bc5 44. Bxf7 Rxf2+ 45. Kh1 Rf3 46. Kg2 Rf2+ 47. Kh1 Bd6 48. Be6 Bxg3 49. Rf7+ Ke5 50. Rxf5+ Rxf5 51. Bxf5 Kxf5 52. h4 Bd6 53. h5 Kg4 54. Kg2 Kh4 55. Kh1 Kh3 56. Kg1 Kg3 57. Kh1 Kf2 1/2-1/2

[Event "*** Titled Tuesday Blitz"]
[Site "Chess.com"]
[Date "2019.05.07"]
[Round "6"]
[White "Jospem"]
[Black "RzayevB"]
[Result "1-0"]
[WhiteElo "2905"]
[BlackElo "2712"]
[TimeControl "180+2"]
[EndTime "14:28:14 PDT"]
[Termination "Jospem won on time"]

1. c4 e5 2. Nf3 e4 3. Nd4 Nc6 4. Nb3 Nf6 5. d4 exd3 6. Qxd3 Bb4+ 7. Bd2 O-O 8. Bxb4 Nxb4 9. Qd2 a5 10. Nc3 d5 11. e3 dxc4 12. Bxc4 Qxd2+ 13. Kxd2 c6 14. a3 Rd8+ 15. Ke2 Nbd5 16. Nxd5 Nxd5 17. Rhd1 Be6 18.
Rac1 b5 19. Bxd5 Bxd5 20. Nd4 Bc4+ 21. Ke1 c5 22. Nc6 Rxd1+ 23. Rxd1 f6 24. e4 Kf8 25. f3 Bf7 26. Rd8+ Rxd8 27. Nxd8 c4 28. Nc6 Be8 29. Nxa5 Ke7 30. Kd2 Kd6 31. b3 cxb3 32. Nxb3 h5 33. Nd4 Ke5 34. Ke3 g5 35. g3 Kd6 36.
Kd3 Kc5 37. Kc3 Bf7 38. f4 gxf4 39. gxf4 Bc4 40. Nf5 Bf1 41. h4 Bg2 42. Ng3 Bf3 43.
Kd3 Bd1 44. Kd2 Bf3 45. Ke3 Bd1 46. e5 fxe5 47. fxe5 Bg4 48. Kf4 Bd7 49. Nxh5 Kc4 50. Nf6 Be6 51. h5 Bf7 52. h6 Bg6 53. e6 b4 54. axb4 Kxb4 55. e7 1-0

[Event "*** Titled Tuesday Blitz"]
[Site "Chess.com"]
[Date "2019.05.07"]
[Round "6"]
[White "JonasHilwerda"]
[Black "BvsN"]
[Result "0-1"]
[WhiteElo "2229"]
[BlackElo "2298"]
[TimeControl "180+2"]
[EndTime "14:28:19 PDT"]
[Termination "BvsN won by resignation"]

1. e4 c5 2. Nf3 e6 3. g3 Nc6 4. Bg2 Nf6 5. d3 d5 6. exd5 Nxd5 7. O-O Be7 8. Nc3 Nxc3 9. bxc3 O-O 10. Bd2 Bf6 11. a4 Qc7 12. Ra3 Rb8 13. Bg5 Bxg5 14.
Nxg5 b6 15. Qh5 h6 16. Ne4 Bb7 17. g4 f5 18. Ng3 f4 19. Ne4 f3 20. Bh3 Qe5 21.
Qxe5 Nxe5 22. Ng3 g5 23. Re1 Ng6 24. Nh5 Rbe8 25. Re3 e5 26. Ng3 Nf4 27. Bf1 Nd5 28.
Re1 Bc8 29. h3 Nf4 30. Kh2 Kg7 31. a5 b5 32. Rb3 a6 33. Rbb1 Rf7 34. Re3 Rfe7 35.
Rbe1 Nd5 36. Rxf3 Nxc3 37. Nh5+ Kh8 38. Rf6 Re6 39. Rf7 R6e7 40. Rf6 Re6 41. Rf3 Bb7 42.
Rfe3 Nd5 43. Rf3 Nb4 44. Rf7 R6e7 45. Rf6 Re6 46. Rf7 R6e7 47. Rxe7 Rxe7 48. Ng3 Nxc2 49. Rc1 Nd4 50. Bg2 Bxg2 51. Kxg2 Rc7 52. Ne4 c4 53. dxc4 bxc4 54. Nf6 Ne6 55. Nd5 Rc5 56.
Nb6 c3 57. Na4 Rxa5 58. Nxc3 Rc5 59. Kf3 Nd4+ 60. Ke3 Nb5 61. Kd3 Nxc3 62. Rxc3 Rxc3+ 63. Kxc3 Kg7 64. Kb4 Kf6 65. Ka5 e4 66. Kxa6 Ke5 67. Kb5 Kf4 68. Kc4 Kf3 69. Kd4 Kxf2 70. Kxe4 Kg3 71.
Kf5 Kxh3 72. Kg6 Kxg4 0-1

[Event "*** Titled Tuesday Blitz"]
[Site "Chess.com"]
[Date "2019.05.07"]
[Round "6"]
[White "Siemba"]
[Black "nitpicker"]
[Result "0-1"]
[WhiteElo "2086"]
[BlackElo "2238"]
[TimeControl "180+2"]
[EndTime "14:28:20 PDT"]
[Termination "nitpicker won by resignation"]

1. e4 e5 2. Qh5 Nc6 3. Bc4 g6 4. Qf3 Nf6 5. Ne2 Bg7 6. d3 Nd4 7. Nxd4 exd4 8. e5 Qe7 9. O-O Qxe5 10. Bf4 Qe7 11. Nd2 O-O 12. Rae1 Qc5 13. Be5 Qb6 14.
Nb3 Nh5 15. Bxg7 Nxg7 16. h4 c6 17. h5 Nxh5 18. Bxf7+ Rxf7 19. Re8+ Kg7 20. Qe4 Nf6 21. Qe5 d6 22. Qe2 Nxe8 23. Qxe8 Qc7 24. Re1 Qd7 25. Qe4 c5 26. c3 dxc3 27. bxc3 Rb8 28.
d4 b6 29. d5 Qf5 30. Qe3 Bd7 31. c4 Re8 32. Qd2 Rxe1+ 33. Qxe1 Qe5 34. Qd2 a5 35. Nc1 Qd4 36. Qc2 Bf5 37. Qe2 Qe4 38. Qf1 Re7 39.
Nb3 Qe1 40. f3 Bd3 41. Qxe1 Rxe1+ 42. Kf2 Rb1 43. Ke3 Bxc4 44. Nd2 Rb4 45. a3 Ra4 46.
Kf2 Bxd5 47. Nb1 Ba2 48. Nc3 Rxa3 49. Nb5 Rd3 50. Ke2 Bc4 51. Nc7 Ra3+ 52. Kd2 Ra2+ 53. Kc3 d5 54. Na8 Rxg2 55. Nxb6 Rg3 56. Kd2 Rxf3 57. Nd7 h5 58. Nxc5 Kf6 59. Nd7+ Kf5 60. Nf8 h4 61. Ke1 h3 0-1

[Event "*** Titled Tuesday Blitz"]
[Site "Chess.com"]
[Date "2019.05.07"]
[Round "6"]
[White "Ind1anStar"]
[Black "Ambitiousresolutions"]
[Result "0-1"]
[WhiteElo "2473"]
[BlackElo "2703"]
[TimeControl "180+2"]
[EndTime "14:28:21 PDT"]
[Termination "Ambitiousresolutions won by resignation"]

1. c4 g6 2. Nc3 c5 3. Nf3 Bg7 4. d4 cxd4 5. Nxd4 Nc6 6. Nc2 Bxc3+ 7. bxc3 Qa5 8. Bd2 Nf6 9. Nd4 Ne4 10. Nb3 Qf5 11.
f3 Nxd2 12. Qxd2 O-O 13. e4 Qf6 14. c5 b6 15. cxb6 axb6 16. Be2 d6 17. O-O Bd7 18. Nd4 Rfc8 19. Rab1 Rcb8 20. Rb2 Nxd4 21. cxd4 e5 22. dxe5 Qxe5 23. Rfb1 Be6 24. Rb5 Rxa2 25. Qe3 Ra1 26. Rxa1 Qxa1+ 27. Kf2 Qa7 28. Qd4 Qc7 29. g3 Bd7 30. Rd5 b5 31. Rxd6 Be8 32. Rd5 Qb6 33. Ke3 b4 34. Qxb6 Rxb6 35. Rd8 Kf8 36. Kd2 Ke7 37.
Rd5 Bd7 38. Bd3 Be6 39. Rb5 Rxb5 40. Bxb5 f6 41. Kc2 Kd6 42. Ba4 Kc5 43. Kd3 Bc4+ 44. Kd2 Kd4 45. h4 h6 46. Bc2 g5 47. hxg5 hxg5 48. Bb1 b3 49. f4 Bf7 50. e5 fxe5 51. fxg5 e4 52. Ke2 Bh5+ 53. Kd2 e3+ 54. Ke1 Ke5 55. g6 Kf6 56. Bd3 Bxg6 57. Ke2 Bxd3+ 58. Kxd3 b2 59. Kc2 e2 0-1

[Event "*** Titled Tuesday Blitz"]
[Site "Chess.com"]
[Date "2019.05.07"]
[Round "6"]
[White "Shahinyan_ChessMood"]
[Black "kharov2001"]
[Result "0-1"]
[WhiteElo "2727"]
[BlackElo "2553"]
[TimeControl "180+2"]
[EndTime "14:28:23 PDT"]
[Termination "kharov2001 won by resignation"]

1. Nf3 d5 2. g3 e6 3. Bg2 Nf6 4.
O-O Be7 5. d3 c5 6. Nbd2 O-O 7.
e4 Nc6 8. Re1 b5 9. e5 Nd7 10.
Nf1 Qc7 11. Bf4 Bb7 12. h4 Rfc8 13. N1h2 a5 14. Ng5 h6 15. Qh5 hxg5 16. hxg5 g6 17. Qh4 Bf8 18. Ng4 Bg7 19. Nf6+ Kf8 20. Nxd5 Qd8 21. Nf6 Ke7 22. Bf3 Rab8 23. Kg2 Qh8 24. Qg4 Qd8 25. c3 Qc7 26. d4 cxd4 27. Nd5+ exd5 28. cxd4 Nxd4 29. e6 Ne5 30. exf7 Kxf7 31.
Bxe5 Bxe5 32. Rxe5 Qxe5 33. Rh1 Nf5 34. Rh7+ Ke6 35.
Rh6 Rg8 36. Rh7 Rg7 37. Rh6 d4 38. Bxb7 Rbxb7 39. Kh2 Rbc7 40. Qf3 Kd6 41. Qa8 Qe2 42. Qd8+ Rcd7 43. Qb8+ Kc5 44. Qf8+ Kc4 45. Kg1 Rde7 46. Qc8+ Rc7 47. Qf8 Kd3 48. Qe8 Qxe8 49. Rh4 Qe2 50.
Rxd4+ Nxd4 51. Kg2 0-1

[Event "*** Titled Tuesday Blitz"]
[Site "Chess.com"]
[Date "2019.05.07"]
[Round "6"]
[White "Yurovskykh_Oleksandr"]
[Black "BlueWizzard"]
[Result "1-0"]
[WhiteElo "2545"]
[BlackElo "2744"]
[TimeControl "180+2"]
[EndTime "14:28:25 PDT"]
[Termination "Yurovskykh_Oleksandr won on time"]

1. d4 a6 2. e4 g6 3. Nf3 Bg7 4. c3 d5 5. Nbd2 Nf6 6. Bd3 dxe4 7. Nxe4 O-O 8. O-O Nbd7 9. Bg5 h6 10. Bh4 c6 11. Nxf6+ exf6 12. Bg3 f5 13. Bc4 b5 14.
Bb3 Nb6 15. Be5 Ra7 16. Re1 Nd5 17. Bxg7 Kxg7 18. Ne5 Rc7 19. Nd3 a5 20. Qf3 Nf6 21. Nc5 a4 22. Bc2 Re8 23. a3 Rce7 24. Rxe7 Qxe7 25.
h3 Qe2 26. Qxe2 Rxe2 27. Rc1 Nd5 28. Kf1 Re7 29. Bd1 Nf6 30. Bf3 Ne4 31. Bxe4 fxe4 32. Re1 f5 33. f3 e3 34. f4 g5 35. Ke2 gxf4 36. Kf3 Be6 37. Kxf4 Bd5 38. Rxe3 Rxe3 39. Kxe3 Bxg2 40. h4 Kg6 41. Ne6 Kh5 42. Nf4+ Kxh4 43. Nxg2+ Kg4 44. Kf2 h5 45. c4 bxc4 46. Ne3+ Kf4 47.
Nxc4 Ke4 48. Nb6 h4 49. Nxa4 h3 50. Nc3+ Kxd4 51. Kg3 Ke3 52. Kxh3 f4 53. a4 f3 54. a5 Kf2 55. a6 Kg1 56. Ne4 f2 57. Nxf2 1-0

[Event "*** Titled Tuesday Blitz"]
[Site "Chess.com"]
[Date "2019.05.07"]
[Round "6"]
[White "GMKrikor"]
[Black "blitzking1729"]
[Result "0-1"]
[WhiteElo "2737"]
[BlackElo "2497"]
[TimeControl "180+2"]
[EndTime "14:28:25 PDT"]
[Termination "blitzking1729 won on time"]

1. e4 e6 2. d4 d5 3. Bd3 dxe4 4. Bxe4 Nf6 5. Bf3 c5 6. Ne2 Nc6 7. Be3 cxd4 8. Nxd4 Nxd4 9. Qxd4 Qxd4 10. Bxd4 Be7 11. O-O O-O 12. Nc3 Rd8 13. Rfd1 Nd5 14. Nxd5 exd5 15.
Be3 Be6 16. c3 Rd7 17. Rd2 a6 18. Rad1 Rad8 19. Bb6 Bg5 20. Rd3 Re8 21. g3 Rd6 22. Bc5 Rc6 23. Be3 Bxe3 24. Rxe3 Rd6 25. Bxd5 Red8 26.
c4 b5 27. b3 bxc4 28. bxc4 Bxd5 29. Rxd5 Rxd5 30. cxd5 Kf8 31. Ra3 Rxd5 32. Rxa6 Rd1+ 33. Kg2 Ra1 34. h4 h5 35. a4 Ra3 36. Ra7 g6 37. a5 Kg7 38. a6 Kg8 39. Ra8+ Kg7 40. Kf1 Ra2 41. Kg1 f6 42. Kg2 Kh7 43. Kf3 Ra4 44.
Ke3 g5 45. Kd3 gxh4 46. gxh4 Rxh4 47. Rf8 Ra4 48. Rxf6 h4 49. Ke2 h3 50. Kf3 Ra3+ 0-1

[Event "*** Titled Tuesday Blitz"]
[Site "Chess.com"]
[Date "2019.05.07"]
[Round "6"]
[White "ChessWeebs"]
[Black "FancyPlaySyndrome"]
[Result "1/2-1/2"]
[WhiteElo "2749"]
[BlackElo "2527"]
[TimeControl "180+2"]
[EndTime "14:28:30 PDT"]
[Termination "Game drawn - insufficient material"]

1. Nf3 g6 2. c4 Bg7 3. d4 Nf6 4. Nc3 d5 5. g3 O-O 6. Bg2 dxc4 7. O-O Nc6 8. d5 Na5 9. Nd4 Nxd5 10. Bxd5 e6 11.
Nc6 Nxc6 12. Bxc6 bxc6 13. Qc2 Qd6 14. Rd1 Qb4 15. Be3 Rb8 16. Na4 Re8 17. Bd4 e5 18. Bc3 Qb5 19. f3 h5 20. e4 Bh6 21. Bd2 Bf8 22. Be3 Be6 23. Rd2 a5 24. Nc3 Qb4 25. Rad1 Be7 26. Kg2 h4 27. Qa4 Qxa4 28. Nxa4 Rb5 29. Nc3 Rb4 30. Rc1 hxg3 31. hxg3 f5 32. Kf2 Reb8 33. Rcc2 Bd6 34. a3 Rb3 35. Na4 R8b5 36.
Rd1 Rd3 37. Rh1 Rbb3 38. Nc3 Bxa3 39. bxa3 Rdxc3 40. Rxc3 Rxc3 41. Bg5 Kg7 42. f4 exf4 43. Bxf4 Rxa3 44. Be5+ Kf7 45. Rh7+ Ke8 46. Bf6 Bf7 47.
e5 Rd3 48. e6 Bxe6 49. Re7+ Kf8 50. Rxe6 Rd6 51. Be7+ Kf7 52. Rxd6 cxd6 53. Bxd6 c3 54. Ke3 Ke6 55. Bf4 a4 56. Kd3 Kd5 57. Bc1 c2 58. Kxc2 Ke4 59. Kc3 Kf3 60. Bf4 g5 61.
Bxg5 Kxg3 62. Kb4 Kf3 63. Kxa4 Ke4 64. Kb3 Kd3 65. Kb4 Kd4 66. Kb3 c5 67. Kc2 c4 68.
Bh6 Ke4 69. Kc3 f4 70. Bxf4 Kxf4 71. Kxc4 1/2-1/2

[Event "*** Titled Tuesday Blitz"]
[Site "Chess.com"]
[Date "2019.05.07"]
[Round "6"]
[White "annamaja"]
[Black "Korchmar_Vasiliy"]
[Result "0-1"]
[WhiteElo "2175"]
[BlackElo "2817"]
[TimeControl "180+2"]
[EndTime "14:28:32 PDT"]
[Termination "Korchmar_Vasiliy won by checkmate"]

1. e4 c5 2. Nf3 d6 3. d4 cxd4 4. Nxd4 Nf6 5. Nc3 Nc6 6. Be2 e5 7. Nb3 Be7 8. Be3 O-O 9. O-O Be6 10. f4 exf4 11. Bxf4 d5 12. exd5 Nxd5 13. Nxd5 Bxd5 14. Bf3 Bc4 15. Qxd8 Raxd8 16. Rfe1 Bf6 17. c3 Rfe8 18. Nd2 Rxe1+ 19. Rxe1 Bxa2 20. Ne4 Be5 21. Be3 f6 22. Nc5 b6 23. Bxc6 bxc5 24. Ra1 Bc4 25. Bf3 a6 26.
Bxc5 Rd2 27. Ra4 Bb5 28. Rb4 g5 29. Be3 Rd3 30. Bf2 f5 31. Be2 Rd8 32. Bxb5 axb5 33.
g3 Rd5 34. Kg2 Kg7 35. Be3 Kg6 36. Bd4 Bd6 37. Rb3 f4 38. Kf3 Kf5 39. g4+ Ke6 40. Ke4 Be7 41. h4 gxh4 42. Kxf4 Bd6+ 43. Ke4 h3 44. c4 Rg5 45. Rxh3 Rxg4+ 46. Kd3 bxc4+ 47. Kxc4 Be5 48. Re3 Rxd4+ 49. Kc5 h5 50. b4 Rd1 51. Rh3 Rc1+ 52. Kb5 Kd5 53. Rxh5 Rc8 54. Rh1 Rb8+ 55. Ka4 Kc4 56. Rh4+ Bd4 57. Rh5 Rxb4+ 58. Ka5 Rb7 59. Ka6 Ra7# 0-1

[Event "*** Titled Tuesday Blitz"]
[Site "Chess.com"]
[Date "2019.05.07"]
[Round "6"]
[White "Vice64"]
[Black "Karacsonyi_Gellert"]
[Result "1-0"]
[WhiteElo "2536"]
[BlackElo "2545"]
[TimeControl "180+2"]
[EndTime "14:28:35 PDT"]
[Termination "Vice64 won by resignation"]

1. e4 c5 2. Nf3 Nc6 3. d4 cxd4 4. Nxd4 g6 5. c4 Nf6 6. Nc3 d6 7. Be2 Nxd4 8. Qxd4 Bg7 9. Be3 O-O 10. Qd2 a5 11.
O-O a4 12. Bd4 Qa5 13. f3 Be6 14. Rfd1 Rfc8 15. Nd5 Qxd2 16. Rxd2 Nxd5 17. exd5 Bd7 18. Bxg7 Kxg7 19. Re1 Rc7 20. Bd3 Re8 21. Kf2 Bf5 22.
Bf1 h5 23. g3 g5 24. h3 g4 25.
fxg4 hxg4 26. h4 b6 27. Rd4 Rd7 28. Be2 e5 29. dxe6 fxe6 30. Bxg4 Rf8 31. Kg2 e5 32. Bxf5 Rxf5 33. Rd5 Kf6 34. Rf1 Rxf1 35. Kxf1 Ke6 36. Kg2 Rc7 37. b3 axb3 38. axb3 Ra7 39. Rb5 Ra2+ 40. Kf3 Ra6 41. g4 Kf6 42. Ke4 Ke6 43. h5 Ra2 44. Rxb6 Rf2 45. c5 Rf4+ 46. Ke3 Rxg4 47.
Rxd6+ Ke7 48. Rb6 Rh4 49. h6 Kd7 50. b4 Kc7 51. Re6 Rxb4 52. Rxe5 Rh4 53. Re6 Kd7 54. Ra6 Kc7 55. Rb6 Kd7 56. Kd3 Kc7 57. Ke3 Kd7 58. Kf3 Rh5 59. Kg4 Rxc5 60. Rg6 Rc1 61. Rg5 Rg1+ 62.
Kf5 Rh1 63. Kg6 Ke7 64. Kg7 Rf1 65. h7 Rf7+ 66. Kh6 Rf6+ 67. Rg6 Rf8 68. Rg7+ Kf6 69. Rg8 Rf7 70. h8=Q+ Kf5 71. Rg5+ Kf4 72. Qe5+ Kf3 73. Rg3+ 1-0